[Event "Norway Chess 2025"]
[Site "Chess.com"]
[Date "2025.06.01"]
[Round "6.3"]
[White "Gukesh D"]
[Black "Carlsen, Magnus"]
[Result "1-0"]
[ECO "C65"]
[WhiteElo "2787"]
[BlackElo "2837"]
[Annotator "Rafael Leitao"]
[PlyCount "123"]
[EventDate "2025.??.??"]
[TimeControl "40/7200:0"]

1. e4 e5 2. Nf3 Nc6 3. Bb5 Nf6 {Depois de ter dificuldades com a Ruy Lopez clássica e o lance 4...a6 em sua partida anterior contra Caruana, Carlsen decide jogar a Berlinesa. Ele costuma alternar entre essas duas opções como sua principal arma de Negras contra o peão rei.} 4. d3 Bc5 5. c3 O-O 6. O-O (6. Bxc6 $6 {Brancas não devem tentar capturar o peão de e5. Após} bxc6 7. Nxe5 d5 {as Negras têm a iniciativa.}) 6... d6 7. h3 a6 8. Ba4 (8. Bxc6 {muda a característica da partida e é uma alternativa importante.} bxc6 9. d4 {Jogo mais lento com 9.Cbd2 ou 9.Te1 também é possível.} Bb6 (9... exd4 $6 {A troca precoce dá ao cavalo branco uma casa confortável em c3.} 10. cxd4 Bb6 11. Nc3) 10. Re1 (10. dxe5 {é pior, já que as Negras ficam melhor depois de} Nxe4) 10... Re8 {com chances para ambos os lados.}) 8... h6 {O sempre útil lance profilático, prevenindo a cravada com Bg5.} (8... Ba7 {é outro lance clássico sempre útil nas aberturas Espanhola e Italiana e geralmente é jogado aqui.}) 9. Re1 b5 10. Bc2 Bb6 ({RR} 10... Re8 11. b4 Bb6 12. a4 Bd7 13. Nbd2 Ne7 14. Nf1 a5 15. bxa5 Rxa5 16. Be3 Bxe3 17. Nxe3 Ng6 18. axb5 Rxb5 19. Ba4 Rb8 20. Bxd7 Qxd7 21. Qc2 Nf4 22. Kh2 Qb5 23. Red1 Qb2 24. Ra2 Qxc2 25. Rxc2 {Nakamura,H (2736)-Carlsen,M (2872) Moscow 2019 ½-½ (62)}) ({RR} 10... Ba7 11. Nbd2 Ne7 12. Nf1 Ng6 13. d4 c6 14. Ng3 Re8 15. Be3 Qc7 16. Qd2 Be6 17. Rad1 Rad8 18. Nf5 d5 19. Bxh6 Nxe4 20. Bxe4 dxe4 21. Bxg7 Bxf5 22. Qh6 exf3 23. Bf6 {1-0 (23) Nepomniachtchi,I (2732)-Hoghmrtsyan,A (2271) chess.com INT 2025}) 11. Nbd2 {Uma posição típica da Ruy Lopez com o bispo em b6 ao invés de e7, parecida com a Variante Arkhangelsk.} Ne7 {A conhecida manobra do cavalo para g6.} (11... Be6) (11... Re8) 12. a4 Rb8 $146 (12... Bb7 {é a alternativa.}) ({RR} 12... Bb7 13. d4 Ng6 14. Nf1 Re8 15. Ng3 d5 16. exd5 Qxd5 17. axb5 axb5 18. Rxa8 Bxa8 19. Ne4 Nd7 20. Bb3 Qb7 21. Qd3 exd4 22. Nf6+ Nxf6 23. Rxe8+ Nxe8 24. Qxg6 c5 25. Bxf7+ Qxf7 26. Qxb6 Bxf3 27. gxf3 {Schon,E (2002)-Yuen,J Sydney 2008 1-0 (47)}) 13. d4 Ng6 14. Nf1 (14. a5 $1 {As Brancas devem considerar jogar esse lance, pois depois de c7-c5 ele não será mais possível.} Ba7 15. Nf1 c5 16. Ng3 {As Brancas continuarão com Be3 e estão lutando pela iniciativa.}) 14... c5 15. Ng3 cxd4 {O primeiro lance novo da partida.} (15... Qc7 {foi jogado na partida Friedrich-Schmider, Munich Laimer Open 2023.}) 16. cxd4 bxa4 17. Bxa4 {As Brancas têm algumas opções:} (17. Nf5 $6 {é prematuro, já que as Negras podem responder com} d5 $1) (17. Be3 {é possível. A princípio, pensei que isso fosse ruim devido a} Ba5 {e o peão de b2 pode ser capturado, mas isso não está claro. Depois de} 18. Rf1 Rxb2 19. Qc1 $1 {As Brancas têm a ideia tática de sacrificar o bispo em h6.}) (17. Rxa4 {é um lance sólido, mantendo a partida mais ou menos igual.}) 17... Bb7 18. d5 a5 19. Be3 Bc8 $1 {Mesmo sem as Brancas cometerem um erro claro, a posição já é preferível para as Negras. A partir daqui, as coisas vão piorar rapidamente para Gukesh. A ideia do lance jogado é melhorar o bispo e também a torre em b8.} 20. b3 (20. Nd2 {parece ser melhor.}) 20... Bxe3 21. Rxe3 Nf4 {As Negras têm controle firme das casas escuras e chances de ataque na ala do rei, com o sacrifício do bispo em h3 pairando no ar.} 22. Bc6 Rb4 {Já há muitos lances tentadores.} (22... Bxh3 {é possível, mas não é necessário buscar tais complicações quando se tem uma clara vantagem posicional.} 23. gxh3 Nxh3+ 24. Kg2 Ng4 $1 25. Rc3 {com boas chances para as Negras, mas a posição se tornou tensa.}) (22... h5 $5 {é sugerido pela máquina como uma boa alternativa. Este é um lance temático para melhorar a estrutura de peões na ala do rei com h5-h4.}) 23. Qc2 $6 (23. Nd2 {é melhor. Vamos seguir uma varianet que, embora não seja forçada, é bastante interessante e lógica:} Ba6 24. Qc2 h5 $1 25. Qa2 {As Brancas vão atrás do peão de a5.} h4 26. Qxa5 hxg3 27. Qxd8 (27. fxg3 {é ruim:} Ne2+ 28. Kf2 Rb6 $1 {defendendo o bispo.}) 27... gxf2+ 28. Kxf2 Rxd8 29. Rxa6 Rd4 30. Ra2 Nd3+ 31. Kf3 Nb4 32. Rb2 {As Negras têm excelente compensação pelo peão, mas não está claro se isso será suficiente para pressionar pela vitória.}) 23... g6 $1 {Esse lance aparentemente inofensivo é, na verdade, muito profundo. Além de dar “ar” ao rei e oferecer suporte extra para h6-h5, Carlsen tira a casa f5 do cavalo das Brancas. Isso é útil como preparação para o sacrifício do bispo em h3, seguido de Dc8.} 24. Kh1 {Esse lance misterioso tem a intenção de proteger contra o sacrifício em h3, dando ao cavalo uma casa para retornar a g1, se necessário.} (24. Ne2 {pode ser respondido por} Bxh3 (24... g5 {também é muito bom.}) 25. gxh3 $6 Nxh3+ 26. Kg2 Nxf2 {com uma forte iniciativa para as Negras.}) (24. Qa2 {As Brancas não têm tempo para atacar o peão em a5, pois agora as Negras podem jogar o lance padrão} Bxh3 $1 25. gxh3 Qc8 {com um ataque vencedor.}) 24... Ba6 {O bispo vai para outra diagonal muito útil.} 25. Qa2 Bd3 $1 26. Nd2 {Protegendo e4 e b3.} h5 $1 {Preparando-se para expulsar o cavalo de g3 e destruir a posição das Brancas. As Negras alcançaram uma vantagem decisiva.} 27. Qxa5 Qxa5 28. Rxa5 h4 29. Ra4 $5 {Uma tentativa interessante de oferecer resistência, usando a ideia de que a captura em g3 ainda não é decisiva, já que o bispo em d3 ficará pendurado.} (29. Ngf1 {Aqui, as Negras podem vencer de várias maneiras. Uma delas é} Bxf1 30. Nxf1 Nxe4) 29... Rfb8 $1 {As Brancas estão quase em zugzwang: suas peças não têm para onde se mover.} 30. Ra2 (30. Rxb4 Rxb4 {e as Brancas não têm nada a fazer.}) (30. Ngf1 Bxf1 31. Nxf1 Rxb3 32. Rxb3 Rxb3 {apesar das poucas peças restantes, as Brancas estão completamente perdidas.}) 30... Kg7 {Um lance surpreendentemente tranquilo.} (30... hxg3 {ganha imediatamente.} 31. fxg3 Ne2 $1 32. Rxd3 Nc1 33. Rf3 {Talvez Carlsen tenha jogado o rei para g7 para proteger o cavalo nessa linha.} Nxa2 34. Rxf6 Nc3 35. Rxd6 Rd4 36. Nf3 Nxe4 {com uma vitória fácil.}) 31. Ra7 Rd4 {O bispo em d4 está protegido, e as Negras definitivamente estão ameaçando capturar o cavalo agora.} 32. Nf3 (32. Ngf1 Bxf1 33. Nxf1 Nxe4 {oferece pouca esperança para as Brancas. Os peões em b3 e d5 provavelmente cairão nos próximos lances.}) 32... hxg3 33. fxg3 Nxh3 (33... Bxe4 $1 {é uma vitória mais limpa, com uma ideia bonita.} 34. gxf4 (34. Nxd4 exd4 35. Rxe4 Nxe4 36. gxf4 d3 {O peão de d decide a partida.}) 34... Rd1+ 35. Kh2 (35. Re1 Bxf3 {perde uma peça.}) (35. Ne1 exf4 36. Re2 f3 $1) 35... exf4 36. Rc3 Ng4+ $1 {Isso dói.} 37. hxg4 Rh8+ 38. Nh4 Rxh4+ 39. Rh3 Rxh3+ 40. gxh3 Rh1#) 34. gxh3 (34. Nxd4 exd4 35. Rxd3 Nf2+ {Cavalos são peças traiçoeiras.}) 34... Bxe4 35. Kh2 {Nos próximos lances, Carlsen continuará tendo muitas oportunidades de vencer a partida diretamente: o computador aqui lhe dá uma vantagem de cinco pontos. Embora essa partida vá ser lembrada pelo erro dramático no final, é importante destacar que, para mim, o mais estranho não é a imprecisão que perde o jogo, mas o fato de que um jogador que nunca dá chances ao adversário tenha, por algum motivo, permitido que seu oponente sobrevivesse nessa posição.} Rd1 (35... Bxf3 36. Rxf3 e4 {ganha imediatamente:} 37. Re3 Rd3 38. Rxd3 exd3 39. Ra2 Ne4 {O peão de d corre rumo à glória.}) 36. g4 Bxd5 (36... Bxf3 37. Rxf3 {está ganho novamente, semelhante ao lance anterior.} e4) (36... Rh8 {também é muito convincente:} 37. Kg3 Bxd5 ({or} 37... Bxf3 38. Rxf3 Ne4+ 39. Kg2 Rd2+ 40. Kf1 Ng5 {com uma vitória fácil.}) 38. Bxd5 Nxd5 {As Brancas estão com um peão a menos e sob ataque.}) 37. Bxd5 Nxd5 38. Re2 Nf4 (38... Nc3 39. Rc2 Nb5 {Isso está ganho para as Negras sem muita dificuldade, por exemplo:} 40. Rd7 Kf6 $1 {seguido por Re6.}) (38... Rxb3 {também é possível:} 39. Ng5 Rf1 {e as Negras também devem ganhar.}) 39. Rc2 Kf6 {Novamente, existem boas alternativas:} (39... Rxb3 40. Ng5 Rdd3 $1 41. Rxf7+ Kh6 42. h4 Rh3+ 43. Nxh3 Rxh3+ 44. Kg1 Rxh4 {As Negras têm três peões pela qualidade.}) (39... Ne6 {também está ganho.}) 40. h4 Ke6 {O rei marcha para o centro do tabuleiro.} 41. Ng5+ Kd5 42. Ra5+ Kd4 43. Ra4+ (43. Nxf7 {As Negras conseguem iniciar um ataque:} Rxb3 44. Ng5 Rbb1) 43... Kd3 44. Rf2 f6 $2 {Esse lance torna a vitória problemática.} (44... Rh8 $1 {é a maneira mais simples de vencer.}) 45. Rf3+ Ke2 46. Ra2+ (46. Re4+ {também é possível, com uma ideia tão bonita que parece até uma composição:} Kd2 47. Ra4 $3 {O ponto é que, se as Negras capturarem o cavalo, então as Brancas conseguem um empate surpreendente após} fxg5 $2 48. Ra2+ Kc1 49. Rff2 $1 Rxb3 50. Ra1+ Rb1 51. Raa2 {As Negras são incapazes de escapar do xeque perpétuo. Uma variante incrível.}) 46... Rd2 47. Rxd2+ Kxd2 48. Ne4+ Ke2 49. Kg3 {Talvez as Negras ainda possam vencer essa posição, mas não está nada claro. $146ão consegui encontrar nada convincente.} d5 50. Nxf6 Rf8 51. Rf2+ Ke1 52. Nd7 (52. g5 {também é possível, e parece levar a um empate também.}) 52... Ne2+ $4 {A tal \"capivarada\" sobre a qual todos vão falar por muito tempo. Quero deixar claro que as Negras já não estavam mais ganhas.} (52... Re8 {As Brancas podem empatar de mais de uma maneira.} 53. Nxe5 (53. Rxf4 {também é bom:} exf4+ 54. Kxf4 d4 55. Nc5 $1 Ke2 56. h5 gxh5 57. gxh5 d3 58. Nxd3 Kxd3 59. h6 {e assim por diante.}) 53... Ne2+ 54. Rxe2+ Kxe2 55. Kf4 d4 (55... g5+ 56. hxg5 Rf8+ 57. Kg3 {Isso parece inteligente para as Negras, mas de qualquer forma é um empate.}) 56. Nc4 $1 {O único lance.} (56. h5 $2 gxh5 57. gxh5 Rxe5 58. Kxe5 d3 59. h6 d2 60. h7 d1=Q 61. h8=Q Qa1+ {ganhando a dama.}) 56... d3 57. h5 gxh5 58. gxh5 d2 59. Nxd2 Kxd2 60. h6 {e um empate.}) 53. Rxe2+ Kxe2 54. Nxf8 d4 55. Ne6 d3 56. Nc5 {Como escrevi antes nesta partida e muitas outras vezes, os cavalos são peças traiçoeiras. Eles podem confundir até os melhores dos melhores.} (56. Ng5 {também ganha.}) 56... Ke3 (56... d2 57. Ne4 d1=Q 58. Nc3+ {Este é um método antigo para um cavalo lidar com um peão passado.}) 57. Na4 $1 e4 58. h5 gxh5 59. gxh5 Kd2 60. Nb2 e3 (60... Kc2 {também perde:} 61. Nc4 d2 62. Ne3+) 61. Nc4+ Ke2 62. Kf4 {O peão de e3 cai. A primeira vitória de Gukesh contra Carlsen em uma partida clássica provavelmente não foi como ele esperava, mas acho que ele vai aceitar do mesmo jeito.} 1-0